 Dungeon Crawl Stone Soup version 0.30.0-5-g1a98f26d00 (webtiles) character file.

Game seed: 16715341245598122717

6193 EarthwalkerPL the Fighter (level 10, -6/95 HPs)
             Began as a Minotaur Fighter on May 12, 2023.
             Mangled by a two-headed ogre
             ... wielding a +0 giant club
              (9 damage)
             ... on level 9 of the Dungeon.
             The game lasted 00:10:35 (8815 turns).

EarthwalkerPL the Fighter (Minotaur Fighter)        Turns: 8815, Time: 00:10:36

Health: -6/95      AC: 13    Str: 25    XL:     10   Next: 60%
Magic:  9/9        EV: 10    Int:  5    God:
Gold:   603        SH:  7    Dex: 19    Spells: 9/9 levels left

rFire   + + .        L - +1 hand axe "Oxisamm" {flame, rElec Dex+3}
rCold   . . .        c - +0 buckler
rNeg    . . .        O - +0 scale mail {rF+}
rPois   .            (helmet restricted)
rElec   +            u - +0 cloak
rCorr   .            (no gloves)
SInv    .            E - +2 pair of boots
Will    .....        (no amulet) Stlth
                     o - ring of protection from fire
HPRegen 0.35/turn    x - +6 ring of dexterity
MPRegen 0.11/turn

%: no passive effects
@: no status effects
A: horns 2, retaliatory headbutt
a: no special abilities


You were on level 9 of the Dungeon.
You visited 2 branches of the dungeon, and saw 10 of its levels.

You collected 603 gold pieces.

Inventory:

Hand Weapons
 a - a +0 war axe
 r - a +4 hammer
 t - the +4 hammer of Yeast {vamp, Will+}
   (You found it on level 2 of the Dungeon)

   Will:      It increases your willpower.
 L - the +1 hand axe "Oxisamm" (weapon) {flame, rElec Dex+3}
   (You found it on level 6 of the Dungeon)

   Dex:       It affects your dexterity (+3).
   rElec:     It insulates you from electricity.
Missiles
 q - 39 poisoned darts (quivered)
 H - 11 boomerangs
 M - 2 curare-tipped darts
Armour
 b - a +0 scale mail
 c - a +0 buckler (worn)
 u - a +0 cloak (worn)
 E - a +2 pair of boots (worn)
 O - a +0 scale mail of fire resistance (worn)
Jewellery
 o - a ring of protection from fire (left hand)
 v - a ring of ice
 x - a +6 ring of dexterity (right hand)
 y - a ring of see invisible
 K - an amulet of magic regeneration
 N - a ring of protection from cold
Wands
 D - a wand of flame (69)
 P - a wand of quicksilver (10)
 R - a wand of digging (4)
 S - a wand of polymorph (12)
Scrolls
 f - a scroll of fog
 h - a scroll of amnesia
 j - 3 scrolls of butterflies
 k - a scroll of identify
 l - 2 scrolls of noise
 n - 3 scrolls of vulnerability {unknown}
 p - 2 scrolls of magic mapping {unknown}
 z - 4 scrolls of immolation {unknown}
 B - 2 scrolls of fear {unknown}
 F - a scroll of enchant weapon {unknown}
 G - 2 scrolls of poison {unknown}
 I - a scroll of torment {unknown}
 J - 3 scrolls of teleportation {unknown}
Potions
 d - 3 potions of might
 e - 2 potions of degeneration
 g - a potion of brilliance {unknown}
 i - 3 potions of flight {unknown}
 m - a potion of lignification {unknown}
 s - a potion of curing {unknown}
 w - 4 potions of heal wounds {unknown}
 A - 2 potions of mutation {unknown}
 C - 2 potions of magic {unknown}
 Q - a potion of invisibility {unknown}


   Skills:
 * Level 11.0 Fighting
 * Level 10.6 Axes
 * Level 10.9 Armour
 + Level 8.1 Shields


You had 9 spell levels left.
You didn't know any spells.
Your spell library contained the following spells:

 Spells                   Type           Power      Damage    Failure   Level
 Apportation              Tloc           0%         N/A       77%         1
 Stone Arrow              Conj/Erth      0%         3d7       98%         3
 Alistair's Intoxication  Tmut/Pois      0%         N/A       100%        5
 Summon Forest            Summ/Tloc      0%         N/A       100%        5
 Summon Mana Viper        Hex/Summ       0%         N/A       100%        5
 Summon Cactus Giant      Summ           0%         N/A       100%        6
 Malign Gateway           Summ/Tloc      0%         N/A       100%        7
 Lehudib's Crystal Spear  Conj/Erth      0%         10d2      100%        8


Dungeon Overview and Level Annotations

Branches:
Dungeon (9/15)             Temple (1/1) D:5
   Lair: D:8-11         Orc: D:9-12

Altars:
Ashenzari
Cheibriados
Elyvilon
Fedhas
Gozag
Hepliaklqana
Kikubaaqudgha
Makhleb
Nemelex Xobeh
Qazlal
Ru
Sif Muna
Trog
Vehumet
Xom
Zin
The Shining One


Innate Abilities, Weirdness & Mutations

You have a pair of horns on your head.
You reflexively headbutt those who attack you in melee.


Message History

Something hits you but does no damage.
You hear some strange, mumbled words.
Something tries to affect you, but you resist.
You bump into the rock wall.
You feel less confused. Something completely misses you.
The two-headed ogre hits you with a +0 giant club!
* * * LOW HITPOINT WARNING * * *
The two-headed ogre barely misses you.
You hit the two-headed ogre but do no damage.
You headbutt the two-headed ogre!
The two-headed ogre is moderately wounded.
You closely miss something.
You hear some strange, mumbled words.
A magic dart appears from out of thin air!
The magic dart hits you.
* * * LOW HITPOINT WARNING * * *
You hit the two-headed ogre. You burn the two-headed ogre.
The two-headed ogre is moderately wounded.
You hit something but do no damage.
You block the two-headed ogre's attack. x2
Something hits you but does no damage.
Unknown command.
You hit the two-headed ogre but do no damage.
You headbutt the two-headed ogre.
The two-headed ogre is moderately wounded.
You closely miss something. Something hits you but does no damage.
The two-headed ogre completely misses you.
You furiously retaliate!
You headbutt the two-headed ogre, but do no damage.
You block the two-headed ogre's attack.
You hit the two-headed ogre but do no damage.
You headbutt the two-headed ogre!
The two-headed ogre is heavily wounded.
You hit something. You burn something.
Unknown command.
You barely miss the two-headed ogre.
The two-headed ogre is heavily wounded.
You miss something. Something hits you but does no damage.
The two-headed ogre hits you with a +0 giant club!
You die...

.........##### #####..#
.............#####......#
#.........#............###..
........##.....#####........
#.....<..)..## ###.##...
..........)...# ###.......
#.........##### #.........
###################.......#.
.......@......#.......#
.......O{.....#.......#
...##.......))##.#......
......$..)))))...#......
...........#.)#####.....
...........#..# .....
..............# .....
############### .##.


You could see a two-headed ogre.

Vanquished Creatures
  2 two-headed ogres
  Pikel (D:7)
  A hornet (D:8)
  2 steam dragons (D:8)
  Menkaure (D:7)
  Edmund (D:4)
  Duvessa (D:7)
  2 orc warriors
  2 ice beasts
  3 black bears
  5 ogres
  6 centaurs
  2 lemures (D:7)
  3 kobold brigands
  A bullfrog (D:6)
  A gnoll sergeant (D:8)
  3 scorpions
  4 wights (D:6)
  Dowan (D:7)
  6 killer bees (D:8)
  4 howler monkeys
  A crimson imp (D:4)
  5 hounds
  3 jellies
  3 orc priests
  A gnoll bouda (D:7)
  Crazy Yiuf (D:2)
  3 sleepcaps
  Natasha (twice) (D:2)
  5 iguanas
  4 orc wizards
  8 gnolls
  4 adders
  A shadow imp (D:8)
  A white imp (D:8)
  5 dart slugs
  35 orcs
  5 ball pythons
  6 bats
  6 endoplasms
  A giant cockroach (D:4)
  11 hobgoblins
  16 kobolds
  2 quokkas
  A frilled lizard (D:2)
  11 goblins
  2 goblin skeletons (D:4)
  3 hobgoblin zombies (D:4)
  A kobold skeleton (D:4)
  3 orc skeletons (D:4)
  4 rats
206 creatures vanquished.

Vanquished Creatures (others)
  A human (D:8)
  An orc wizard (D:9)
2 creatures vanquished.

Grand Total: 208 creatures vanquished

Notes
Turn   | Place    | Note
-------+----------+-------------------------------------------
     0 | D:1      | EarthwalkerPL the Minotaur Fighter began the quest for the
                  | Orb.
     0 | D:1      | Reached XP level 1. HP: 19/19 MP: 0/0
   246 | D:1      | Reached XP level 2. HP: 25/27 MP: 1/1
   422 | D:1      | Reached skill level 4 in Fighting
   803 | D:2      | Noticed Natasha
   805 | D:2      | You fall into a shaft and drop 1 floor!
  1178 | D:2      | Found a runed translucent door.
  1179 | D:2      | Noticed Crazy Yiuf
  1217 | D:2      | Reached XP level 3. HP: 33/33 MP: 2/2
  1268 | D:2      | Killed Natasha
  1533 | D:2      | Noticed Natasha
  1541 | D:2      | Killed Natasha
  1542 | D:2      | Reached XP level 4. HP: 41/41 MP: 3/3
  1607 | D:2      | Killed Crazy Yiuf
  1610 | D:2      | Identified the +4 hammer of Yeast {vamp, Will+}
  2000 | D:3      | Reached XP level 5. HP: 47/47 MP: 4/4
  2270 | D:4      | Noticed an ogre
  2281 | D:4      | Killed an ogre
  2282 | D:4      | Reached skill level 5 in Fighting
  2282 | D:4      | Reached skill level 5 in Armour
  2411 | D:4      | Noticed a black bear
  2420 | D:4      | Killed a black bear
  2421 | D:4      | Reached XP level 6. HP: 56/56 MP: 5/5
  2507 | D:4      | Found a glowing golden altar of the Shining One.
  2524 | D:4      | Got the Elucidation of the Petrified Swarm
  2529 | D:4      | Noticed Edmund
  2550 | D:4      | HP: 1/57 [Edmund/+2 flail of protection (4)]
  2551 | D:4      | Killed Edmund
  2552 | D:4      | Reached skill level 6 in Fighting
  2552 | D:4      | Reached skill level 5 in Axes
  2901 | D:4      | Reached XP level 7. HP: 56/63 MP: 6/6
  3003 | D:4      | Reached skill level 5 in Shields
  3150 | D:5      | Entered Level 5 of the Dungeon
  3224 | D:5      | Found a staircase to the Ecumenical Temple.
  3253 | Temple   | Entered the Ecumenical Temple
  3804 | D:5      | Reached skill level 7 in Fighting
  3804 | D:5      | Reached XP level 8. HP: 49/73 MP: 7/7
  4688 | D:5      | Found a hazy altar of Hepliaklqana.
  5009 | D:6      | Noticed a two-headed ogre
  5013 | D:6      | Reached skill level 8 in Fighting
  5021 | D:6      | Killed a two-headed ogre
  5022 | D:6      | Reached XP level 9. HP: 12/82 MP: 8/8
  5427 | D:6      | Identified the +1 hand axe "Oxisamm" {flame, rElec Dex+3}
  5481 | D:6      | Reached skill level 9 in Fighting
  5801 | D:6      | Found a stormy altar of Qazlal.
  5955 | D:7      | Noticed Duvessa
  5955 | D:7      | Noticed Dowan
  5969 | D:7      | Killed Dowan
  5979 | D:7      | Killed Duvessa
  6421 | D:7      | Noticed Menkaure
  6427 | D:7      | Killed Menkaure
  6436 | D:7      | Noticed Pikel
  6467 | D:7      | Killed Pikel
  6468 | D:7      | Reached skill level 10 in Fighting
  6468 | D:7      | Reached skill level 10 in Armour
  6468 | D:7      | Reached XP level 10. HP: 68/93 MP: 9/9
  7263 | D:8      | Paralysed by a hornet for 3 turns
  7271 | D:8      | Reached skill level 10 in Axes
  7444 | D:8      | Found an ancient bone altar of Kikubaaqudgha.
  7466 | D:8      | Noticed a two-headed ogre
  7481 | D:8      | Killed a two-headed ogre
  7862 | D:8      | Found a radiant altar of Vehumet.
  8784 | D:9      | Reached skill level 11 in Fighting
  8799 | D:9      | Noticed a two-headed ogre
  8811 | D:9      | HP: 2/95 [something/magic dart (4)]
  8815 | D:9      | Mangled by a two-headed ogre

Illustrated notes

Levels and vault maps discovered:
D:1:      wheals_arrival_shading, layout_basic
D:2:      layout_basic, minmay_close_crescents, uniq_natasha,
          uniq_crazy_yiuf_cottage
D:3:      cheibrodos_greedy_goblins, layout_rooms
D:4:      layout_basic, nicolae_tso_besieged_by_evil, uniq_edmund
D:5:      layout_loops_corners, kennysheep_mini_moat,
          minmay_temple_entry_overgrown
D:6:      layout_basic, lemuel_crystal_altar, nrook_loot_triangle,
          minmay_misc_feat_chi
D:7:      layout_rooms, uniq_pikel, uniq_menkaure, uniq_duvessa
D:8:      layout_basic, mainiacjoe_overflow_paths, tgw_kikubaaqudgha,
          chequers_decorated_corner
D:9:      layout_cave_pools, mainiacjoe_overflow_surrounded_room,
          nicolae_overflow_hidden_temple, david_lair_shrubbed, erik_orc_1,
          serial_shops, nicolae_shop_competitors_out_of_business, uniq_joseph,
          uniq_maurice
Temple:   minmay_temple_forest_path

Skill      XL: |  1  2  3  4  5  6  7  8  9 10 |
---------------+-------------------------------+-----
Fighting       | 4 5 6 7 8 10 11 | 11.0
Armour         | 4 5 6 8 10 | 10.9
Axes           | 3 4 5 6 8 9 10 | 10.6
Shields        | 4 5 6 7 8 |  8.1

Action                     |  1- 3 |  4- 6 |  7- 9 | 10-12 || total
---------------------------+-------+-------+-------+-------++-------
  Melee: War axe           |    56 |       |       |       ||    56
         Headbutt          |     6 |    26 |    61 |    37 ||   130
         Mace              |       |   119 |   165 |       ||   284
         Hand axe          |       |       |    90 |   159 ||   249
  Throw: Dart              |       |       |       |     5 ||     5
    Use: Scroll            |       |       |       |     4 ||     4
 Armour: Scale mail        |    21 |    51 |    89 |    60 ||   221
  Dodge: Dodged            |    25 |    44 |   106 |    67 ||   242
  Block: Buckler           |    13 |    31 |    55 |    43 ||   142
